 Dungeon Crawl Stone Soup version 0.19.0-22-gd96e5fe (webtiles) character file.

4944 TatsumakiMagi the Spear-Bearer (level 10, -8/104 HPs)
             Began as an Ogre Fire Elementalist on Nov 18, 2016.
             Was a Priest of Elyvilon.
             Mangled by a komodo dragon (16 damage)
             ... on level 1 of the Lair of Beasts.
             The game lasted 02:16:25 (10154 turns).

TatsumakiMagi the Spear-Bearer (OgFE)              Turns: 10154, Time: 02:16:26

Health: -8/104     AC: 12    Str: 17    XL:     10   Next: 52%
Magic:  14/18      EV: 11    Int: 14    God:    Elyvilon [***...]
Gold:   313        SH:  0    Dex: 11    Spells: 5 memorised, 10 levels left

rFire  . . .     SeeInvis .     p - +2 spear (flame)
rCold  . . .     Gourm    .     J - +2 robe {rN+}
rNeg   + + .     Faith    .     (no shield)
rPois  .         Spirit   .     (helmet restricted)
rElec  .         Reflect  .     A - +1 cloak
rCorr  .         Harm     .     (gloves unavailable)
MR     +....                    (boots unavailable)
Stlth  ++........               (no amulet)
                                B - +5 ring of protection
                                E - ring of positive energy

@: protection
A: unfitting armour, mutation resistance 1, tough skin 1
a: Lesser Healing, Heal Other, Purification, Divine Protection, Renounce
Religion


You were on level 1 of the Lair of Beasts.
You worshipped Elyvilon.
Elyvilon was most pleased with you.
You were very hungry.

You visited 3 branches of the dungeon, and saw 10 of its levels.

You collected 422 gold pieces.
You spent 109 gold pieces at shops.

Inventory:

Hand Weapons
 d - a +0 trident
 g - a +0 whip
 h - a +4 quarterstaff of chaos
 j - a +0 giant club
 k - a +0 mace
 n - a +2 dagger of venom
 o - a +2 dagger of speed
 p - a +2 spear of flaming (weapon)
 y - a +0 dire flail
 K - a +2 whip of freezing
 P - a cursed -2 scimitar
 Q - a +0 shortbow
 R - a +1 short sword of holy wrath
Missiles
 t - 2 needles of confusion (quivered)
 u - 101 arrows
 F - a throwing net
 T - 55 poisoned needles
Armour
 q - a +0 robe
 r - a +1 robe
 x - a +0 animal skin
 A - a +1 cloak (worn)
 J - a +2 robe of positive energy (worn)
 S - a +0 buckler
Jewellery
 B - a +5 ring of protection (right hand)
 E - a ring of positive energy (left hand)
Wands
 s - a wand of paralysis (0/24)
 G - a wand of lightning (0/15)
 I - a wand of flame (9/48)
 M - a wand of acid (0/15)
 O - a wand of enslavement (3/24)
 U - a wand of iceblast (0/15)
Scrolls
 a - 2 scrolls of noise
 e - 7 scrolls of remove curse
 i - a scroll of amnesia
 m - a scroll of identify
 D - 2 scrolls of teleportation
 Z - a scroll of fog
Potions
 w - a potion of flight
 H - a potion of lignification
 N - a potion of curing
 W - a potion of ambrosia
 X - a potion of invisibility
Books
 b - a book of Flames

   Spells                             Type                      Level
   a - Flame Tongue                   Conjuration/Fire             1
   b - Throw Flame                    Conjuration/Fire             2
   c - Conjure Flame                  Conjuration/Fire             3
   d - Inner Flame                    Hexes/Fire                   3
   e - Sticky Flame                   Conjuration/Fire             4
   f - Fireball                       Conjuration/Fire             5
 f - a book of Minor Magic

   Spells                             Type                      Level
   a - Magic Dart                     Conjuration                  1
   b - Blink                          Translocation                2
   c - Call Imp                       Summoning                    2
   d - Repel Missiles                 Charms/Air                   2
   e - Slow                           Hexes                        2
   f - Conjure Flame                  Conjuration/Fire             3
   g - Mephitic Cloud                 Conjuration/Poison/Air       3
 z - a book of Minor Magic

   Spells                             Type                      Level
   a - Magic Dart                     Conjuration                  1
   b - Blink                          Translocation                2
   c - Call Imp                       Summoning                    2
   d - Repel Missiles                 Charms/Air                   2
   e - Slow                           Hexes                        2
   f - Conjure Flame                  Conjuration/Fire             3
   g - Mephitic Cloud                 Conjuration/Poison/Air       3
 V - a book of Misfortune

   Spells                             Type                      Level
   a - Confusing Touch                Hexes                        1
   b - Confuse                        Hexes                        3
   c - Gell's Gravitas                Hexes/Translocation          3
   d - Petrify                        Transmutation/Earth          4
   e - Metabolic Englaciation         Hexes/Ice                    5
   f - Yara's Violent Unravelling     Hexes/Transmutation          5
Comestibles
 c - 3 meat rations
 l - a royal jelly
 v - 3 beef jerkies
 C - 3 chunks of flesh
 L - 2 fruits


   Skills:
 * Level 8.0 Fighting
 * Level 9.3 Polearms
 + Level 4.7 Dodging
 + Level 3.6 Stealth
 * Level 5.8 Spellcasting
 + Level 2.4 Conjurations
 * Level 1.6 Hexes
 + Level 3.9 Fire Magic
 + Level 1.3 Invocations
 + Level 1.1 Evocations


You had 10 spell levels left.
You knew the following spells:

 Your Spells              Type           Power        Failure   Level  Hunger
a - Flame Tongue          Conj/Fire      ##...        4%          1    None
b - Inner Flame           Hex/Fire       ##......     17%         3    ###....
c - Confusing Touch       Hex            #.....       10%         1    None
d - Throw Flame           Conj/Fire      ##....       10%         2    #......
e - Gell's Gravitas       Hex/Tloc       #.........   38%         3    ###....


Dungeon Overview and Level Annotations

Branches:
Dungeon (8/15)             Temple (1/1) D:5            Lair (1/6) D:8

Altars:
Ashenzari
Cheibriados
Dithmenos
Elyvilon
Fedhas
Gozag
Hepliaklqana
Kikubaaqudgha
Makhleb
Okawaru
Ru
Sif Muna
Trog
Uskayaw
Vehumet
Xom
Yredelemnul
Zin
The Shining One
Beogh

Shops:
D:6 *


Innate Abilities, Weirdness & Mutations

You are too large for most types of armour.
You have tough skin. (AC +1)
You are somewhat resistant to further mutation.


Message History

The komodo dragon bites you!!
* * * LOW HITPOINT WARNING * * *
You are healed.
You feel quite a bit more hungry. The komodo dragon misses you.
You hit the komodo dragon but do no damage.
The komodo dragon is almost dead.
The komodo dragon bites you!
* * * LOW HITPOINT WARNING * * *
You are healed.
You are feeling very hungry.
You can no longer provide greater healing for yourself.
The komodo dragon closely misses you.
You barely miss the komodo dragon.
The komodo dragon is almost dead.
You hit the komodo dragon but do no damage.
The komodo dragon is almost dead.
The komodo dragon bites you!!
* * * LOW HITPOINT WARNING * * *
You beseech Elyvilon to protect your life.
The komodo dragon bites you!
You die...

### ##### ##P##
..... ###
#...##.#.##
#.#####.........#
#.....#.........#
#.###..@.........
###..##.l..........
#..................
#..##..##...##....#
#.#.....#...## ...#
##.....>......# .##
#...........#.# .
#..#.....#..#...
#........#.P..#...


You could see a komodo dragon.

Vanquished Creatures
  Pikel (D:6)
  A spiny frog (D:8)
  Grinder (D:3)
  Sigmund (D:4)
  A wyvern (D:8)
  Eustachio (D:6)
  A water moccasin (D:8)
  4 orc warriors (D:8)
  3 sky beasts (D:6)
  2 slaves (D:6)
  A phantom (D:5)
  3 black bears (D:7)
  A necrophage (D:6)
  4 ogres
  A centaur (D:6)
  7 bullfrogs
  A big kobold (D:8)
  Blork the orc (D:5)
  A scorpion (D:6)
  3 crimson imps
  A jelly (D:7)
  4 hounds
  Crazy Yiuf (D:3)
  4 orc priests (D:8)
  Jessica (D:3)
  Ijyb (D:2)
  9 worker ants
  6 orc wizards
  A worker ant zombie (D:8)
  Robin (D:4)
  8 gnolls
  10 adders
  3 river rats (D:8)
  A shadow imp (D:5)
  An ooze (D:2)
  2 worms
  2 dart slugs
  6 leopard geckos
  33 orcs
  A ball python (D:3)
  4 giant cockroaches
  13 goblins
  5 hobgoblins
  13 jackals
  14 kobolds
  4 quokkas
  16 bats
  6 frilled lizards
  A leopard gecko skeleton (D:6)
  A quokka zombie (D:5)
  13 rats
  A plant (D:6)
226 creatures vanquished.

Vanquished Creatures (collateral kills)
  An orc warrior (D:8)
  An orc wizard (D:8)
  A hound skeleton (D:8)
  6 orcs (D:8)
  A bat (D:8)
10 creatures vanquished.

Vanquished Creatures (others)
  A slave (D:6)
  4 orcs
  5 fungi (D:8)
  A plant (D:8)
11 creatures vanquished.

Grand Total: 247 creatures vanquished

Notes
Turn   | Place    | Note
-------+----------+-------------------------------------------
     0 | D:1      | TatsumakiMagi the Ogre Fire Elementalist began the quest for the Orb.
     0 | D:1      | Reached XP level 1. HP: 16/16 MP: 3/3
   362 | D:1      | Reached XP level 2. HP: 24/24 MP: 5/5
   726 | D:2      | Noticed Ijyb
   743 | D:2      | Killed Ijyb
   743 | D:2      | Reached skill level 1 in Polearms
   743 | D:2      | Reached XP level 3. HP: 28/32 MP: 1/7
   906 | D:2      | Reached skill level 1 in Fighting
   906 | D:2      | Reached XP level 4. HP: 41/41 MP: 6/8
   923 | D:2      | Learned a level 3 spell: Inner Flame
   928 | D:2      | Learned a level 4 spell: Sticky Flame
   986 | D:2      | Found a white marble altar of Elyvilon.
  1053 | D:2      | Became a worshipper of Elyvilon the Healer
  1545 | D:3      | HP: 1/41 [kobold/exploding inner flame[the player character] (40)]
  1603 | D:3      | HP: 2/41 [adder (3)]
  1831 | D:3      | Reached skill level 2 in Polearms
  1839 | D:3      | Found a glowing drain.
  1852 | D:3      | Gained mutation: You have a pair of small horns on your head. [potion of mutation]
  1852 | D:3      | Gained mutation: You are somewhat resistant to further mutation. [potion of mutation]
  1861 | D:3      | Reached XP level 5. HP: 33/48 MP: 9/9
  1918 | D:3      | Found a hide-covered altar of Uskayaw.
  1926 | D:3      | Noticed Grinder
  1938 | D:3      | Paralysed by Grinder for 2 turns
  1952 | D:3      | Paralysed by Grinder for 2 turns
  1988 | D:3      | Gained mutation: You can translocate small distances at will. [potion of mutation]
  1988 | D:3      | Gained mutation: You are weak. (Str -2) [potion of mutation]
  2291 | D:3      | Noticed Jessica
  2306 | D:3      | Killed Jessica
  2546 | D:3      | Reached * piety under Elyvilon
  2631 | D:3      | Reached skill level 3 in Polearms
  2695 | D:3      | Found a runed door.
  2699 | D:3      | Noticed Crazy Yiuf
  2711 | D:3      | Killed Crazy Yiuf
  2711 | D:3      | Reached XP level 6. HP: 57/57 MP: 10/10
  2772 | D:3      | Paralysed by Grinder for 3 turns
  2792 | D:3      | HP: 2/57 [Grinder/nerve-wracking pain (4)]
  2809 | D:3      | Killed Grinder
  3266 | D:4      | Learned a level 2 spell: Throw Flame
  3308 | D:4      | Reached XP level 7. HP: 52/67 MP: 2/11
  3432 | D:4      | Reached skill level 4 in Polearms
  3432 | D:4      | Reached skill level 1 in Invocations
  3439 | D:4      | Found a shadowy altar of Dithmenos.
  3454 | D:4      | Found a deep blue altar of Sif Muna.
  3482 | D:4      | Reached skill level 1 in Conjurations
  3512 | D:4      | Lost mutation: You can translocate small distances at will. [potion of cure mutation]
  3512 | D:4      | Lost mutation: You have a pair of small horns on your head. [potion of cure mutation]
  3512 | D:4      | Lost mutation: You are weak. (Str -2) [potion of cure mutation]
  3542 | D:4      | Noticed Robin
  3562 | D:4      | Killed Robin
  3658 | D:4      | Noticed Sigmund
  3926 | D:4      | Found a blossoming altar of Fedhas.
  3926 | D:4      | Found a burning altar of Makhleb.
  4189 | D:4      | Killed Sigmund
  4189 | D:4      | Reached skill level 5 in Polearms
  4322 | D:5      | Entered Level 5 of the Dungeon
  4389 | D:5      | Reached XP level 8. HP: 76/78 MP: 11/13
  4477 | D:5      | Found a staircase to the Ecumenical Temple.
  4702 | D:5      | Found a hazy altar of Hepliaklqana.
  4762 | D:5      | Noticed Blork the orc
  4809 | D:5      | Killed Blork the orc
  4836 | D:5      | Reached skill level 6 in Polearms
  4927 | D:5      | Reached ** piety under Elyvilon
  4955 | D:5      | Found an iron altar of Okawaru.
  5149 | Temple   | Entered the Ecumenical Temple
  5281 | D:6      | Noticed Eustachio
  5315 | D:6      | Killed Eustachio
  5464 | D:6      | Reached skill level 7 in Polearms
  5507 | D:6      | Noticed Pikel
  5536 | D:6      | Killed Pikel
  5536 | D:6      | Reached skill level 5 in Fighting
  5536 | D:6      | Reached XP level 9. HP: 59/87 MP: 11/15
  6028 | D:6      | Reached skill level 8 in Polearms
  6070 | D:6      | Found a snail-covered altar of Cheibriados.
  6131 | D:6      | Found Yvimifui's Assorted Antiques.
  6228 | D:7      | Reached *** piety under Elyvilon
  6289 | D:7      | Found a bloodstained altar of Trog.
  6419 | D:7      | Found an opulent altar of Gozag.
  6804 | D:7      | Learned a level 1 spell: Confusing Touch
  6979 | D:7      | Reached skill level 5 in Spellcasting
  7119 | D:6      | Bought a viscous emerald potion for 20 gold pieces
  7119 | D:6      | Bought a scroll labeled QAHYAPN UCRANN for 23 gold pieces
  7119 | D:6      | Bought a scroll of identify for 46 gold pieces
  7119 | D:6      | Bought an orange potion for 20 gold pieces
  7440 | D:8      | Reached XP level 10. HP: 90/100 MP: 17/17
  7527 | D:8      | Reached **** piety under Elyvilon
  7555 | D:8      | Found a staircase to the Lair.
  7591 | D:8      | Reached skill level 1 in Hexes
  7600 | D:8      | Learned a level 3 spell: Gell's Gravitas
  7636 | D:8      | Reached skill level 1 in Evocations
  8155 | D:8      | Found a deep blue altar of Sif Muna.
  8223 | D:8      | Reached skill level 9 in Polearms
  9274 | D:8      | Found a roughly hewn altar of Beogh.
  9377 | Lair:1   | Entered Level 1 of the Lair of Beasts
  9378 | Lair:1   | Noticed a spiny frog
  9745 | D:8      | Killed a spiny frog
 10154 | Lair:1   | Mangled by a komodo dragon

Skill      XL: |  1  2  3  4  5  6  7  8  9 10 |
---------------+-------------------------------+-----
Dodging        | 2 3 4 |  4.7
Polearms       | 1 2 3 5 7 8 9 |  9.3
Fighting       | 1 2 3 4 5 7 8 |  8.0
Spellcasting   | 3 4 5 |  5.8
Stealth        | 2 3 |  3.6
Invocations    | 1 |  1.3
Conjurations   | 1 2 |  2.4
Fire Magic     | 3 |  3.9
Hexes          | 1 |  1.6
Evocations     | 1 |  1.1

Action                   |  1- 3 |  4- 6 |  7- 9 | 10-12 || total
-------------------------+-------+-------+-------+-------++-------
Melee: Mace              |     5 |       |       |       ||     5
       Spear             |    35 |   121 |   429 |   297 ||   882
       Whip              |     1 |       |       |       ||     1
       Unarmed           |     1 |       |       |       ||     1
       Headbutt          |       |     8 |       |       ||     8
 Cast: Flame Tongue      |    12 |     6 |     1 |     1 ||    20
       Inner Flame       |       |     6 |       |       ||     6
       Throw Flame       |       |     5 |    57 |    34 ||    96
       Confusing Touch   |       |       |       |     3 ||     3
       Gell's Gravitas   |       |       |       |     1 ||     1
Invok: Lesser Healing    |       |     9 |     2 |       ||    11
       Divine Protection |       |     1 |       |     1 ||     2
       Greater Healing   |       |       |       |     2 ||     2
 Abil: Blink             |       |     2 |     1 |       ||     3
Evoke: Wand              |       |     3 |    15 |     5 ||    23
  Use: Potion            |       |     8 |     5 |     3 ||    16
       Scroll            |       |     9 |    16 |     2 ||    27
 Stab: Sleeping          |     3 |     2 |     4 |     3 ||    12
       Paralysed         |       |     8 |     3 |       ||    11
  Eat: Chunk             |       |     5 |     8 |     2 ||    15
       Bread ration      |       |     2 |     2 |     1 ||     5
       Pizza             |       |       |     1 |     1 ||     2
       Fruit             |       |       |       |     1 ||     1
Armor: Robe              |    13 |    19 |    90 |    58 ||   180
Dodge: Dodged            |    29 |    58 |   177 |   109 ||   373
